 Dungeon Crawl Stone Soup version 0.21.1-1-g345015f (webtiles) character file.

882 xccam the Basher (level 7, 0/52 HPs)
             Began as a Demonspawn Abyssal Knight on Feb 15, 2018.
             Was a Priest of Lugonu.
             Succumbed to a water moccasin's poison
             ... on level 4 of the Dungeon.
             The game lasted 00:15:09 (4719 turns).

xccam the Basher (Demonspawn Abyssal Knight)        Turns: 4719, Time: 00:15:10

Health: 0/52       AC: 16    Str: 18    XL:     7   Next: 76%
Magic:  8/8        EV:  9    Int: 13    God:    Lugonu [***...]
Gold:   239        SH:  0    Dex: 11    Spells: 6/6 levels left

rFire    + . .     SeeInvis .   e - +0 flail
rCold    . . .     Gourm    .   (no shield)
rNeg     . . .     Faith    .   h - +1 scale mail
rPois    .         Spirit   .   (no helmet)
rElec    .         Reflect  .   (no cloak)
rCorr    .         Harm     .   (no gloves)
MR       .....                  (no boots)
Stlth    +.........             (no amulet)
HPRegen  0.17/turn              b - ring of protection from fire
MPRegen  0.11/turn              o - +4 ring of strength

@: lethally poisoned (0 -> -5), sanguine armour
A: clumsy 1, nightstalker 1, sanguine armour 2
a: Depart the Abyss, Bend Space, Banish, Renounce Religion


You were on level 4 of the Dungeon.
You worshipped Lugonu.
Lugonu was most pleased with you.
You were not hungry.

You visited 1 branch of the dungeon, and saw 6 of its levels.
You visited the Abyss 1 time.

You collected 239 gold pieces.

Inventory:

Hand Weapons
 a - a +1 mace
 e - a +0 flail (weapon)
 f - a +0 whip
Armour
 h - a +1 scale mail (worn)
Jewellery
 b - a ring of protection from fire (left hand)
 i - an uncursed ring of ice
 l - an uncursed ring of wizardry
 m - an uncursed ring of fire
 o - a +4 ring of strength (right hand)
 s - a +4 ring of protection {unknown}
Wands
 n - a wand of disintegration (14)
Scrolls
 d - 4 scrolls of identify
 g - 3 scrolls of teleportation
 j - 2 scrolls of remove curse
Potions
 k - 3 potions of flight
Books
 t - a book of Conjurations

   Spells                             Type                      Level
   a - Magic Dart                     Conjuration                  1
   b - Searing Ray                    Conjuration                  2
   c - Dazzling Spray                 Conjuration/Hexes            3
   d - Fulminant Prism                Conjuration/Hexes            4
   e - Force Lance                    Conjuration/Translocation    4
   f - Iskenderun's Mystic Blast      Conjuration                  4
Comestibles
 c - 12 rations


   Skills:
 - Level 3.0 Fighting
 + Level 8.3 Maces & Flails
 - Level 1.7 Armour
 - Level 0.8 Dodging
 - Level 2.4 Invocations


You had 6 spell levels left.
You didn't know any spells.

Dungeon Overview and Level Annotations

Branches:
Dungeon (6/15)
 Temple: D:4-7

Altars:
Makhleb

Shops:
D:4 [


Innate Abilities, Weirdness & Mutations

You are slightly more attuned to the shadows.
When seriously injured, your bleeding wounds create thick armour. (AC +9)
You are clumsy. (Dex -2)


Message History

You closely miss the water moccasin.
The water moccasin is almost dead.
* * * LOW HITPOINT WARNING * * *
You feel sick.
The water moccasin bites you but does no damage.
You hit the water moccasin.
You kill the water moccasin!
Lugonu accepts your kill.
* * * LOW HITPOINT WARNING * * *
You feel sick.
* * * LOW HITPOINT WARNING * * *
You feel sick.
There is a lethal amount of poison in your body!
Unknown command.
It was a potion of magic.
Magic courses through your body.
* * * LOW HITPOINT WARNING * * *
You feel sick.
* * * LOW HITPOINT WARNING * * *
You feel sick.
You die...

...##................###.....<...
##.##.########..###### #.########
#................######.#
####.#.#######..#.....##.#
....###..# #..#..##.##.########
####.#.#.# ###..#..##..........).
.####.##)# #(......#####.#######.
......##.# #.......# #.# #.
......##.# #....@..#####[# #.
.....###.# #...........>)# #.
.....# #.###..>....######### #.
.....# #.#.................# #.
...### #.#.#........##.###.#####.
.....###............##...........
................###.###..........
.....##.........#.....#.##.######
...####..#..###.#.....#†##.#


There were no monsters in sight!

Vanquished Creatures
  A water moccasin (D:4)
  A phantom (D:4)
  An ogre (D:4)
  4 scorpions
  A jelly (D:5)
  2 hounds (D:4)
  An orc priest (D:3)
  2 worker ants (D:4)
  8 gnolls
  3 adders
  2 oozes
  An adder skeleton (D:4)
  2 worms (D:2)
  2 leopard geckos
  11 orcs
  3 ball pythons
  6 bats
  9 giant cockroaches
  14 goblins
  9 hobgoblins
  4 jackals (D:3)
  4 quokkas
  5 frilled lizards
  13 kobolds
  A leopard gecko skeleton (D:4)
  10 rats
120 creatures vanquished.

Notes
Turn   | Place    | Note
-------+----------+-------------------------------------------
     0 | Abyss:1  | xccam the Demonspawn Abyssal Knight began the quest for the Orb.
     0 | Abyss:1  | Reached XP level 1. HP: 18/18 MP: 2/2
    31 | Abyss:1  | Noticed a neqoxec
    31 | Abyss:1  | Noticed a neqoxec
    31 | Abyss:1  | Noticed a small abomination
    45 | Abyss:1  | Noticed a small abomination
    45 | Abyss:1  | Noticed an iron imp
    57 | Abyss:1  | Gained mutation: You are clumsy. (Dex -2) [a neqoxec]
    59 | D:1      | Escaped the Abyss
   111 | D:1      | Reached skill level 2 in Maces & Flails
   144 | D:1      | Reached * piety under Lugonu
   197 | D:1      | Gained mutation: When seriously injured, your bleeding wounds create armour. (AC +9) [demonic ancestry]
   197 | D:1      | Reached XP level 2. HP: 17/24 MP: 3/3
   567 | D:1      | Reached skill level 3 in Maces & Flails
   798 | D:1      | Reached XP level 3. HP: 20/29 MP: 4/4
  1358 | D:2      | Reached ** piety under Lugonu
  1471 | D:2      | Gained mutation: When seriously injured, your bleeding wounds create thick armour. (AC +9) [demonic ancestry]
  1471 | D:2      | Reached XP level 4. HP: 22/35 MP: 5/5
  1538 | D:2      | Reached skill level 4 in Maces & Flails
  2283 | D:2      | Reached XP level 5. HP: 20/41 MP: 6/6
  2675 | D:2      | Reached skill level 5 in Maces & Flails
  3110 | D:3      | Reached *** piety under Lugonu
  3176 | D:3      | Found a faded altar of an unknown god.
  3317 | D:4      | Found Yrhif's Armour Boutique.
  3335 | D:4      | Found a burning altar of Makhleb.
  3383 | D:4      | Gained mutation: You are slightly more attuned to the shadows. [demonic ancestry]
  3383 | D:4      | Reached XP level 6. HP: 27/47 MP: 7/7
  3552 | D:4      | Reached skill level 6 in Maces & Flails
  3559 | D:4      | You fall through a shaft for 2 floors!
  3568 | D:5      | Entered Level 5 of the Dungeon
  4297 | D:4      | Reached skill level 7 in Maces & Flails
  4297 | D:4      | Reached XP level 7. HP: 35/52 MP: 8/8
  4665 | D:5      | Reached skill level 8 in Maces & Flails
  4717 | D:4      | HP: 2/52 [poisoned by a water moccasin]
  4719 | D:4      | Succumbed to a water moccasin's poison

Skill      XL: |  1  2  3  4  5  6  7 |
---------------+----------------------+-----
Maces & Flails | 2 3 4 5 7 8 |  8.3
Fighting       | |  3.0
Armour         | |  1.7
Dodging        | |  0.8
Invocations    | |  2.4

Action                   |  1- 3 |  4- 6 |  7- 9 || total
-------------------------+-------+-------+-------++-------
Melee: Whip              |   251 |   150 |       ||   401
       Flail             |       |   186 |    65 ||   251
Invok: Depart the Abyss  |     1 |       |       ||     1
  Use: Scroll            |     6 |     5 |       ||    11
       Potion            |       |     2 |     2 ||     4
  Eat: Chunk             |     2 |     7 |     1 ||    10
       Ration            |       |     1 |       ||     1
Armor: Leather armour    |     8 |       |       ||     8
       Scale mail        |   114 |   162 |    35 ||   311
Dodge: Dodged            |   109 |   157 |    29 ||   295
